[Event "14e Open International de Quenza"]
[Site "Quenza, France"]
[Date "????.??.??"]
[Round "3.10"]
[White "Cristofari, Antoine"]
[Black "Ratier-Fontana, Matteo"]
[Result "0-1"]
[TimeControl "5min+3s"]
[WhiteElo "2052"]
[BlackElo "2275"]

1. e4 c6 2. d4 d5 3. exd5 cxd5 4.
Bf4 Nc6 5. Bd3 e6 6. c3 Bd6 7. Bxd6 Qxd6 8. Qg4 g6 9. Nf3 e5 10. Qg3 f6 11. O-O Kd7 12. dxe5 fxe5 13. Bb5 Kc7 14.
Bxc6 bxc6 15. Qxe5 Qxe5 16. Nxe5 Nf6 17. b3 Re8 18. f4 Ne4 19. Na3 Nxc3 20. Rf2 Bb7 21. Rc1 d4 22. Nb1 Nd5 23. g3 Rad8 24. Na3 Ne3 25.
Nb5+ Kb6 26. Na3 c5 27. Nd3 Rc8 28. Nc4+ Nxc4 29. bxc4 Ba6 30. Rb2+ Kc6 31. Ne5+ Kc7 32. Nd3 Kd6 33.
Ne5 Rb8 34. Rcb1 Rxb2 35. Rxb2 g5 36.
Kf2 gxf4 37. gxf4 Rf8 38. Kg3 Rg8+ 39. Kf2 Ke6 40. Nd3 Bxc4 41. Nxc5+ Kf5 42. Rd2 Rd8 43. Nb7 Rd5 44. Rc2 d3 45. Rd2 Bxa2 0-1

[Event "14e Open International de Quenza"]
[Site "Quenza, France"]
[Date "????.??.??"]
[Round "3.11"]
[White "Bernardi, Alexandre"]
[Black "Mullon, Jean-Baptiste"]
[Result "1/2-1/2"]
[TimeControl "5min+3s"]
[WhiteElo "1897"]
[BlackElo "2277"]

1. e4 c5 2. Nf3 e6 3. g3 Nc6 4. Bg2 Nf6 5. Nc3 d6 6. O-O Be7 7. d4 cxd4 8. Nxd4 Bd7 9. Re1 O-O 10.
Ndb5 Qb8 11. Bf4 Ne5 12. Bg5 a6 13. Bxf6 gxf6 14. Nd4 Qc7 15. Qh5 Ng6 16. Re3 Qc5 17. Qd1 Rac8 18. Nb3 Qc7 19.
Qh5 Rfe8 20. Rd1 b5 21. Rd2 b4 22. Ne2 a5 23. g4 Bf8 24. Rh3 h6 25. f4 a4 26. Nbd4 d5 27. Nf5 exf5 28. gxf5 Nxf4 29. Nxf4 Qxf4 30. Rg3+ Bg7 31. Rf2 Qc1+ 32. Rf1 Qd2 33. Rf2 Qc1+ 34. Rf1 Qd2 35. Rf2 Qc1+ 36. Rf1 1/2-1/2

[Event "14e Open International de Quenza"]
[Site "Quenza, France"]
[Date "????.??.??"]
[Round "3.12"]
[White "Tomasi, Albert"]
[Black "Kurt, Sascha"]
[Result "1-0"]
[TimeControl "5min+3s"]
[WhiteElo "2287"]
[BlackElo "2303"]

1. e4 c5 2. Nf3 d6 3. d4 cxd4 4. Nxd4 Nf6 5. Nc3 a6 6. g3 e5 7. Nde2 Be7 8. Bg2 O-O 9. O-O b5 10.
Nd5 Be6 11. Nec3 Nbd7 12. Be3 Rc8 13. a4 b4 14. Nxb4 Bc4 15. Re1 Rb8 16. Nc6 Qe8 17. b3 Be6 18. Nxb8 Qxb8 19. Nd5 Nxd5 20.
exd5 Bf5 21. Qd2 Rc8 22. Rec1 e4 23. Bd4 Bg6 24. Rab1 h6 25. c4 f5 26. b4 Qc7 27. Qc3 Bg5 28.
Bxg7 e3 29. f4 Be7 30. Bd4 e2 31. Qe3 Re8 32. Qxe2 h5 33. Qd2 h4 34. Rb3 Kf7 35. Re3 Bf6 36. Rxe8 Kxe8 37. Bxf6 Nxf6 38. c5 hxg3 39. hxg3 Ng4 40. Bf3 Nf6 41. Qe3+ Kf8 42. Qe6 Kg7 43. Qxd6 Qf7 44.
Re1 Ne4 45. Qe5+ Kh7 46. Bxe4 fxe4 47. Kf2 Qd7 48. Rh1+ Kg8 49. Qe6+ Qxe6 50. dxe6 Kf8 51. g4 Ke7 52. f5 Be8 53.
Ke3 Bxa4 54. Rh7+ Kf6 55. Kxe4 Bc6+ 56. Kf4 Bd7 57. g5# 1-0

[Event "14e Open International de Quenza"]
[Site "Quenza, France"]
[Date "????.??.??"]
[Round "4.1"]
[White "Ratier-Fontana, Matteo"]
[Black "Dardha, Daniel"]
[Result "0-1"]
[TimeControl "5min+3s"]
[WhiteElo "2275"]
[BlackElo "2627"]

1. d4 Nf6 2. Bf4 Nh5 3. Bg5 h6 4.
Bh4 g5 5. e3 Nf6 6. Bg3 Bg7 7. c4 c5 8. Nc3 d6 9. h4 Nc6 10. hxg5 hxg5 11. Rxh8+ Bxh8 12. Nf3 g4 13. d5 gxf3 14. dxc6 bxc6 15. gxf3 Rb8 16. Qc2 Qa5 17. O-O-O Be6 18. f4 Qb4 19. Rd2 Bxc4 20. a3 Qb3 21. Qxb3 Bxb3 22. f3 Nd5 23. Nxd5 cxd5 24. Rh2 Bf6 25.
e4 dxe4 26. fxe4 Rb6 27. Rh5 Bxb2+ 28. Kd2 c4 29. f5 c3+ 30. Kd3 c2 31. Bf4 c1=Q 32. Bxc1 Bxc1 33. Rh8+ Kd7 0-1

[Event "14e Open International de Quenza"]
[Site "Quenza, France"]
[Date "????.??.??"]
[Round "4.2"]
[White "Bellahcene, Bilel"]
[Black "Toktomushev, Teimur"]
[Result "1-0"]
[TimeControl "5min+3s"]
[WhiteElo "2513"]
[BlackElo "2401"]

1. e4 c5 2. Nf3 e6 3. d4 cxd4 4. Nxd4 a6 5. c4 Nf6 6. Nc3 Qc7 7. a3 b6 8. Be3 Bb7 9. f3 d6 10. Qd2 Be7 11. g4 O-O 12. g5 Nh5 13. O-O-O Nd7 14. Kb1 g6 15. Be2 Rac8 16. Rc1 Ne5 17.
Na4 Nd7 18. Ka2 Qb8 19. Rhe1 Ba8 20. Nc3 Ne5 21. Nd1 b5 22. cxb5 Rxc1 23. Qxc1 Rc8 24. Nc3 d5 25. Qd1 dxe4 26. fxe4 Nc4 27. Bxc4 Rxc4 28. bxa6 Qc8 29. Ndb5 Qxa6 30.
Qd7 Bf8 31. Rf1 Qb7 32. Rxf7 Qxd7 33. Rxd7 Bxe4 34. Rd8 Bc6 35. Nd4 Kf7 36. Kb3 Rc5 37. Rxf8+ 1-0

[Event "14e Open International de Quenza"]
[Site "Quenza, France"]
[Date "????.??.??"]
[Round "4.3"]
[White "Fressinet, Laurent"]
[Black "Tomasi, Albert"]
[Result "1-0"]
[TimeControl "5min+3s"]
[WhiteElo "2605"]
[BlackElo "2287"]

1. d4 d5 2. Nf3 Nf6 3. c4 c6 4. g3 g6 5. Bg2 Bg7 6. O-O O-O 7. Nc3 Ne4 8. Qb3 Nxc3 9. bxc3 dxc4 10.
Qxc4 Nd7 11. e4 Qa5 12. Bd2 Nb6 13.
Qd3 Be6 14. Rfe1 Rad8 15. Qc2 Nc4 16. Bf4 h6 17. h4 Na3 18. Qc1 Kh7 19. Nd2 Nb5 20. Re3 Nd6 21. Nb3 Qc7 22. Nc5 Bg4 23.
e5 Nc4 24. Re1 b6 25. e6 Qc8 26. Nd7 Rxd7 27. exd7 Qxd7 28. Qc2 c5 29. dxc5 bxc5 30. Qe4 Be6 31. h5 Bxc3 32. hxg6+ Kg7 33. Rad1 Bd4 34. gxf7 Bxf7 35.
Qxe7 Qf5 36. Bxh6+ Kxh6 37. Qxf8+ Kg6 38. Rxd4 cxd4 39. Be4 1-0

[Event "14e Open International de Quenza"]
[Site "Quenza, France"]
[Date "????.??.??"]
[Round "4.4"]
[White "Calistri, Tristan"]
[Black "Hou, Yifan"]
[Result "0-1"]
[TimeControl "5min+3s"]
[WhiteElo "2198"]
[BlackElo "2633"]

1. e4 c5 2. Nc3 a6 3. g3 b5 4. Bg2 Bb7 5. Nge2 d6 6. d4 cxd4 7. Nxd4 Nf6 8. O-O e6 9. Re1 Nbd7 10.
e5 dxe5 11. Bxb7 exd4 12. Bxa8 dxc3 13. Bg2 cxb2 14. Bxb2 Bc5 15. Bd4 Qb6 16. Bxc5 Qxc5 17. a4 O-O 18. axb5 axb5 19. Qe2 h5 20.
Ra5 Rc8 21. Rc1 Qc4 22. Bf1 Qxe2 23. Bxe2 b4 24. Bxh5 Nc5 25. Rb1 Nxh5 26. Rxb4 Nf6 27. Rc4 Nfd7 28. f4 Kf8 29.
Kf2 Ke7 30. Ke3 Kd6 31. Kd4 f6 0-1

[Event "14e Open International de Quenza"]
[Site "Quenza, France"]
[Date "????.??.??"]
[Round "4.5"]
[White "Maurizzi, Marc Andria"]
[Black "Ternault, Mathieu"]
[Result "1-0"]
[TimeControl "5min+3s"]
[WhiteElo "2604"]
[BlackElo "2276"]

1. Nf3 Nc6 2. c4 Nf6 3. Nc3 e5 4. g3 Nd4 5. Bg2 Nxf3+ 6. Bxf3 Bc5 7. O-O d6 8. b4 Bd4 9. Bb2 a5 10. b5 Bh3 11. Bxb7 Bxf1 12. Bxa8 Qxa8 13.
Qxf1 O-O 14. Qg2 e4 15. Rf1 Ng4 16. e3 Bxc3 17. Bxc3 d5 18.
c5 f5 19. Rb1 Qe8 20. b6 cxb6 21.
cxb6 Qa4 22. Qf1 f4 23. b7 Rb8 24. h3 Nf6 25. Be5 Nd7 26.
Bxb8 Nxb8 27. Qb5 1-0

[Event "14e Open International de Quenza"]
[Site "Quenza, France"]
[Date "????.??.??"]
[Round "4.6"]
[White "Bonelli Maestracci, Pierre Joseph"]
[Black "Terrieux, Kevin"]
[Result "1-0"]
[TimeControl "5min+3s"]
[WhiteElo "2098"]
[BlackElo "2394"]

1. e4 c5 2. Nf3 d6 3.
d4 cxd4 4. Nxd4 Nf6 5. Nc3 Bd7 6. Be2 Nc6 7. Be3 a6 8. g4 Nxd4 9. Bxd4 e5 10. Be3 Bc6 11. Qd3 d5 12. exd5 Nxd5 13. O-O-O Nxe3 14. Qxe3 Qa5 15. Bf3 Bb4 16.
Nd5 O-O 17. Nxb4 Qxb4 18. Bxc6 bxc6 19. Qxe5 Rfe8 20. Qd4 Qa5 21. a3 h6 22. h4 Rad8 23. Qc4 Qb6 24. g5 Rb8 25. Qc3 hxg5 26. hxg5 Qxf2 27. Rh3 Qf4+ 28. Kb1 Rxb2+ 29. Kxb2 Rb8+ 30. Ka1 1-0

[Event "14e Open International de Quenza"]
[Site "Quenza, France"]
[Date "????.??.??"]
[Round "4.7"]
[White "Sumets, Andrey"]
[Black "Pieri, Pierre-Louis"]
[Result "1-0"]
[TimeControl "5min+3s"]
[WhiteElo "2497"]
[BlackElo "2224"]

1. d4 Nf6 2. c4 e6 3. Nf3 a6 4. Nc3 d5 5. cxd5 exd5 6. Bg5 Be7 7. e3 O-O 8. Bd3 Be6 9. h3 Nbd7 10. O-O c6 11. Qc2 g6 12. Rab1 Nh5 13.
Bh6 Re8 14. b4 f5 15. Na4 Bd6 16. Nc5 Qc7 17. Rfc1 Nxc5 18. bxc5 Bf8 19. Bxf8 Rxf8 20. Rb6 Rae8 21. Rcb1 Bc8 22.
Ne5 f4 23. e4 f3 24. exd5 Rxe5 25. dxe5 Qxe5 26. dxc6 Qg5 27. Bf1 Bxh3 28. Qb3+ Kh8 29. Qc3+ Rf6 30. cxb7 Bxg2 31. b8=Q+ Kg7 32. Rxf6 Bh3+ 33. Qg3 Nxg3 34.
Rf5+ Kh6 35. Rxg5 1-0

[Event "14e Open International de Quenza"]
[Site "Quenza, France"]
[Date "????.??.??"]
[Round "4.8"]
[White "Roux, Baptiste"]
[Black "Lagarde, Maxime"]
[Result "0-1"]
[TimeControl "5min+3s"]
[WhiteElo "2381"]
[BlackElo "2618"]

1. e4 c5 2. Nf3 d6 3.
d4 cxd4 4. Nxd4 Nf6 5. Nc3 g6 6. Be3 Bg7 7. f3 Nc6 8. Qd2 O-O 9. Bc4 Bd7 10. h4 Rc8 11. Bb3 h5 12. O-O-O Ne5 13. Bg5 Nc4 14. Qd3 b5 15. Kb1 Qa5 16. Bxf6 exf6 17. Nd5 Rfe8 18.
c3 Rc5 19. g4 hxg4 20. h5 f5 21.
h6 Be5 22. fxg4 f4 23. h7+ Kh8 24. Bxc4 bxc4 25. Qf3 g5 26. Rh5 f6 27. Rh6 Rb8 28. Nxf6 Qa3 29. Nb3 Rxb3 30. axb3 Qxb3 31.
Rd5 Rxd5 32. exd5 Ba4 33. Qe2 f3 34. Qxf3 Qc2+ 35. Ka2 Qc1 36. Ne4 Bb3+ 37. Ka3 Qa1+ 38. Kb4 Qa4# 0-1

[Event "14e Open International de Quenza"]
[Site "Quenza, France"]
[Date "????.??.??"]
[Round "4.9"]
[White "Mullon, Jean-Baptiste"]
[Black "Carrolaggi, Xavier"]
[Result "0-1"]
[TimeControl "5min+3s"]
[WhiteElo "2277"]
[BlackElo "1732"]

1. e4 d6 2. d4 Nf6 3. Nc3 g6 4. Be3 c6 5. Qd2 b5 6.
Bd3 Qa5 7. Nf3 Bg7 8. O-O O-O 9. e5 dxe5 10. dxe5 Ng4 11. Bf4 Rd8 12. Rfe1 Nd7 13. h3 b4 14. hxg4 bxc3 15. Qxc3 Qxc3 16.
bxc3 Nc5 17. Bc4 Bxg4 18. Ng5 e6 19. f3 Bf5 20. Ne4 Nxe4 21.
fxe4 Bg4 22. Rab1 Rab8 23. Kf2 h5 24. Rb4 Rxb4 25. cxb4 Rd4 26. Bb3 Rxb4 27. Re3 Rb5 28. Rd3 Bxe5 29. Bxe5 Rxe5 30. Rd4 c5 31. Ra4 Kg7 32. Ke3 Kf6 33.
Kd3 Rg5 34. Rxa7 Bd1 35. a4 Rxg2 36. a5 h4 37. e5+ Kxe5 38. Rxf7 h3 39. Rh7 Bh5 40. a6 h2 41. a7 h1=Q 42. a8=Q Rg3+ 43. Kd2 Qxa8 44. Re7 Qa5+ 45. Kc1 Rg1+ 0-1

[Event "14e Open International de Quenza"]
[Site "Quenza, France"]
[Date "????.??.??"]
[Round "4.10"]
[White "Deladerriere, Apollo"]
[Black "Bernardi, Alexandre"]
[Result "1-0"]
[TimeControl "5min+3s"]
[WhiteElo "2131"]
[BlackElo "1897"]

1. e4 c5 2. Nf3 g6 3. d4 cxd4 4. Qxd4 Nf6 5. e5 Nc6 6. Qa4 Nd5 7. Qe4 Nb6 8. Nc3 Bg7 9. Bf4 d5 10.
exd6 Bf5 11. dxe7 Bxc3+ 12. bxc3 Bxe4 13. exd8=Q+ Rxd8 14. Bb5 O-O 15. O-O Bxc2 16. Rfe1 a6 17. Bxc6 bxc6 18. Bc7 Nd5 19. Bxd8 Rxd8 20. Nd4 Bd3 21. Rad1 Bc4 22. Nxc6 Rc8 23. Rxd5 Rxc6 24. Ra5 Bb5 25. Rc1 Rc4 26. a4 Rxa4 27. Rxa4 Bxa4 28.
Kf1 Kf8 29. Ke2 Ke7 30. Ke3 Kd6 31. Kd4 Bc6 32. f3 a5 33. Kc4 a4 34. Kb4 Ke5 35. Ra1 Kf4 36. c4 Ke3 37. Rxa4 Bxa4 38. Kxa4 Kf2 39. c5 Kxg2 40. c6 Kxf3 41. c7 f5 42. c8=Q f4 43.
Qh3+ Kf2 44. Kb3 f3 45.
Kc3 Ke2 46. Qe6+ Kf1 47. Kd2 Kg2 48. Qg4 Kf2 49. Qg3 1-0

[Event "14e Open International de Quenza"]
[Site "Quenza, France"]
[Date "????.??.??"]
[Round "4.11"]
[White "Skripchenko, Almira"]
[Black "Cardenas Yebra, Antoni"]
[Result "1-0"]
[TimeControl "5min+3s"]
[WhiteElo "2359"]
[BlackElo "1866"]

1. e4 c5 2. Nf3 Nc6 3. Bb5 d6 4. O-O g6 5. c3 Bg7 6. d4 cxd4 7. cxd4 Bd7 8. Nc3 Nf6 9. h3 a6 10. Bd3 O-O 11. e5 dxe5 12. dxe5 Ne8 13. Qe2 Nc7 14.
Rd1 Qc8 15. Bg5 Ne6 16. Nd5 Qe8 17. Bd2 Ncd4 18. Nxd4 Nxd4 19. Qe3 Ne6 20. Bb4 Bc6 21. Nxe7+ Kh8 22. Nxc6 bxc6 23. Bxf8 Qxf8 24. Bc4 Re8 25. Re1 c5 26. Bxe6 Rxe6 27. Qc3 Qe7 28.
f4 Qc7 29. Rad1 h5 30. Qd3 Qc6 31. Qd5 Qa4 32. Re4 Qc2 33. Rd2 Qc1+ 34. Kh2 Kh7 35. Rc4 Qf1 36. Re4 Bh6 37. Qc4 Qb1 38. Rf2 Qd1 39. f5 gxf5 40. Rxf5 Qd7 41. Qf1 Qe7 42. Rxf7+ 1-0

[Event "14e Open International de Quenza"]
[Site "Quenza, France"]
[Date "????.??.??"]
[Round "4.12"]
[White "De Ieso, Lorenzo"]
[Black "Mougenot, Sacha"]
[Result "1-0"]
[TimeControl "5min+3s"]
[WhiteElo "2080"]
[BlackElo "1854"]

1. e4 e5 2. Bc4 Nf6 3. d4 exd4 4.
Nf3 Nc6 5. O-O Bc5 6. e5 d5 7. exf6 dxc4 8. fxg7 Rg8 9. Re1+ Be6 10. Bg5 Be7 11. Bxe7 Kxe7 12. Re4 Kf6 13. Nxd4 Nxd4 14.
Rxd4 Qe7 15. Qh5 Kxg7 16. Nc3 Qf6 17. Rad1 Kh8 18. Ne4 Qg7 19. Ng3 Bg4 20. Rxg4 Qxg4 21. Qe5+ Rg7 22. Rd4 Qg6 23. h3 f6 24. Qe2 Re8 25. Qxc4 Rge7 26. Rg4 Re1+ 27. Kh2 Qh6 28. Qxc7 R1e7 29. Qc3 Qf8 30. Rf4 Rf7 31. Ne4 Re6 32. Ng5 Rfe7 33. Nxe6 Rxe6 34. Qf3 Qd6 35. g3 Kg7 36. Rg4+ Kf7 37. Qxb7+ Re7 38. Qb3+ Re6 39. Re4 f5 40. Qxe6+ Qxe6 41. Rxe6 Kxe6 42. Kg2 Kd5 1-0

[Event "14e Open International de Quenza"]
[Site "Quenza, France"]
[Date "????.??.??"]
[Round "5.1"]
[White "Dardha, Daniel"]
[Black "Maurizzi, Marc Andria"]
[Result "1/2-1/2"]
[TimeControl "5min+3s"]
[WhiteElo "2627"]
[BlackElo "2604"]

1. d4 d5 2. c4 e6 3. Nf3 Nf6 4. Nc3 c5 5. cxd5 cxd4 6. Qxd4 exd5 7. e4 dxe4 8. Qxd8+ Kxd8 9. Ng5 Be6 10. Nxe6+ fxe6 11. Bg5 Nc6 12. O-O-O+ Ke8 13. Kb1 Bb4 14.
Bxf6 gxf6 15. Nxe4 f5 16. Ng5 Ke7 17.
f4 h6 18. Nf3 Rad8 19. Bc4 Rxd1+ 20. Rxd1 Rd8 21. Kc2 Rxd1 22.
Kxd1 Kf6 23. Ke2 e5 24. fxe5+ Nxe5 25.
Nxe5 Kxe5 26. g3 f4 27. gxf4+ Kxf4 28. Bd5 b6 29. Be6 Bd6 30. h3 h5 31. Bf7 h4 32. Be6 Be5 33. b3 Bd6 34. Bd5 Be5 35. Be6 Bd6 36. Bd5 Be5 37. Be6 1/2-1/2

[Event "14e Open International de Quenza"]
[Site "Quenza, France"]
[Date "????.??.??"]
[Round "5.2"]
[White "Hou, Yifan"]
[Black "Bellahcene, Bilel"]
[Result "1-0"]
[TimeControl "5min+3s"]
[WhiteElo "2633"]
[BlackElo "2513"]

1. e4 c5 2. d4 cxd4 3. Qxd4 Nc6 4. Qd3 d6 5. Nc3 Nf6 6.
Nf3 Bg4 7. Be2 Bxf3 8. Bxf3 g6 9.
Be2 Bg7 10. Nd5 Nd7 11. c3 O-O 12. Bg5 Re8 13. O-O h6 14. Bh4 g5 15. Bg3 e6 16. Ne3 Nde5 17. Qd2 Qb6 18. Kh1 Ne7 19. f4
gxf4 20. Bxf4 N7g6 21. Bg3 Qc6 22.
Qc2 Rad8 23. Bh5 Qc5 24. Rae1 Rd7 25. Qd1 b5 26. Nf5 exf5 27. exf5 Nf8 28. f6 Bh8
29. Qd2 Kh7 30. Bg4 Rdd8 31. Bf5+ Neg6 32. Re7 Qc4 33.
Bd3 Qxa2 34. c4 bxc4 35. Rxf7+ Kg8 36. Bxg6 Nxg6 37. Qd5 1-0

[Event "14e Open International de Quenza"]
[Site "Quenza, France"]
[Date "????.??.??"]
[Round "5.3"]
[White "Sumets, Andrey"]
[Black "Fressinet, Laurent"]
[Result "1/2-1/2"]
[TimeControl "5min+3s"]
[WhiteElo "2497"]
[BlackElo "2605"]

1. d4 Nf6 2. c4 e6 3. Nf3 d5 4. Nc3 Be7 5.
cxd5 exd5 6. Qc2 c6 7. h3 Na6 8. a3 O-O 9. Bf4 g6 10. e3 Bf5 11. Bd3 Bxd3 12. Qxd3 Nc7 13. O-O Ne6 14.
Bh2 a5 15. Rfc1 Bd6 16. Bxd6 Qxd6 17. Rab1 Nd7 18. Na4 Rfe8 19. Qc2 Nc7 20. Ne1 Qf6 21. Nd3 Nb5 22. Nac5 Nxc5 23. Nxc5 Nd6 24.
a4 Qe7 25. b4 Nc4 26. Qc3 axb4 27. Qxb4 b6 28. Nd3 Qa7 29. Nb2 c5 30. dxc5 bxc5 31. Qc3 Nxb2 32. Rxb2 d4 33. Qxc5 Qxc5 34. Rxc5 dxe3 35. fxe3 Rxa4 36. Rc3 Re7 37. Kf2 Kg7 38.
Rbc2 Ra6 39. Rc6 Raa7 40. h4 h5 41. g3 Re5 42. R6c5 Rxc5 43. Rxc5 Ra6 44. Rc4 Ra7 45. Rc5 Ra6 46. Rc4 Ra7 47. Rc5 1/2-1/2

[Event "14e Open International de Quenza"]
[Site "Quenza, France"]
[Date "????.??.??"]
[Round "5.4"]
[White "Lagarde, Maxime"]
[Black "Bonelli Maestracci, Pierre Joseph"]
[Result "1/2-1/2"]
[TimeControl "5min+3s"]
[WhiteElo "2618"]
[BlackElo "2098"]

1. e4 c5 2. Nf3 d6 3. Bb5+ Bd7 4. c4 Nf6 5. Nc3 a6 6.
Bxd7+ Qxd7 7. d4 cxd4 8. Nxd4 e6 9. O-O Be7 10. h3 O-O 11. Be3 Nc6 12. Qe2 Qc7 13. Rac1 Nd7 14. Rfd1 Nxd4 15. Bxd4 Bf6 16. b3 Rfd8 17. Qd2 Bxd4 18. Qxd4 Nf6 19.
Qe3 Qc5 20. Rd3 Qxe3 21. Rxe3 Kf8 22. Rd1 Ke7 23. f4 Nd7 24. Kf2 Rab8 25. Red3 Nc5 26. R3d2 b5 27. b4 Na4 28. Nxa4
bxa4 29. a3 Rbc8 30. Rd4 f6 31. e5 fxe5 32. fxe5 d5 33. cxd5 Rxd5 34. Rxd5 exd5 35. Rxd5 Rc3 36. Ra5 Rxa3 37. Rxa6 g6 38.
Ra7+ Ke6 39. Rxh7 Kxe5 40. Ra7 Kf6 41. h4 Kf5 42. Ra6 Kg4 43. Rxg6+ Kxh4 44. Ra6 Kg5 45. Kg1 Ra2 46. Kh2 a3 47.
Kh3 Rb2 48. Ra5+ Kg6 49. g4 Rxb4 50. Rxa3 Rb1 51. Ra6+ Kg5 52. Ra5+ Kg6 53. Rc5 Ra1 54.
Rc6+ Kg5 55. Rc5+ Kg6 56. Rc6+ Kg5 57. Rc5+ Kg6 58. Rc6+ 1/2-1/2

[Event "14e Open International de Quenza"]
[Site "Quenza, France"]
[Date "????.??.??"]
[Round "5.5"]
[White "Carrolaggi, Xavier"]
[Black "Deladerriere, Apollo"]
[Result "0-1"]
[TimeControl "5min+3s"]
[WhiteElo "1732"]
[BlackElo "2131"]

1. e4 c6 2. c4 d5 3. exd5 cxd5 4. cxd5 Nf6 5.
Nc3 Nxd5 6. Bc4 e6 7. Nf3 Nc6 8. O-O Nxc3 9. dxc3 Qxd1 10. Rxd1 Be7 11. Bf4 O-O 12. Nd4 Bd7 13. Nb5 Be8 14.
Nd6 Na5 15. Bf1 b6 16. Nxe8 Rfxe8 17. Rd2 Red8 18. Rad1 Rxd2 19. Rxd2 Rd8 20. Rxd8+ Bxd8 21. Bb8 Nc6 22. Bd6 Be7 23. Bf4 a5 24. Bb5 e5 25.
Be3 Na7 26. Bd7 Bc5 27. Bxc5 bxc5 28. Kf1 Kf8 29. Ke2 Ke7 30. Ba4 Nc8 31. Kd3 Nb6 32.
Bb5 Ke6 33. Ke4 f5+ 34. Kd3 Kd6 35.
c4 g5 36. g3 Nc8 37. a3 h5 38. Be8 h4 39. Bg6 Ne7 40. Bf7 hxg3 41. hxg3 e4+ 42. Ke3 Ke5 43. Bh5 f4+ 44. gxf4+ gxf4+ 45. Ke2 Kd4 46. Bf7 Nc6 47. Bd5 Ne5 48. Be6 Nxc4 49. Bxc4 Kxc4 0-1

[Event "14e Open International de Quenza"]
[Site "Quenza, France"]
[Date "????.??.??"]
[Round "5.6"]
[White "Terrieux, Kevin"]
[Black "Guillemart, Serge"]
[Result "1-0"]
[TimeControl "5min+3s"]
[WhiteElo "2394"]
[BlackElo "2135"]

1. e4 c5 2. Nf3 e6 3.
d4 cxd4 4. Nxd4 Nf6 5. Nc3 Nc6 6. Nxc6 bxc6 7. e5 Nd5 8. Ne4 Bb7 9. Bd3 c5 10. O-O Qc7 11. f4 c4 12. Be2 Be7 13. Kh1 O-O 14.
Nd6 Bxd6 15. exd6 Qc6 16. Rf3 f5 17. Rg3 Rac8 18. Qd4 Nf6 19. Bf3 Qb5 20. Bxb7 Qxb7 21. Bd2 Qb6 22. Bc3 Qxd4 23.
Bxd4 Rf7 24. Ra3 Ne4 25. Be5 Rc6 26.
Rxa7 Nxd6 27. Rd1 Ne4 28. Rdxd7 Rxd7 29. Rxd7 Rb6 30. Rxg7+ Kf8 31. Rxh7 c3 32. b3 Rb5 33. Rd7 Ke8 34.
Rd4 Nf2+ 35. Kg1 Ng4 36. Rd3 1-0

[Event "14e Open International de Quenza"]
[Site "Quenza, France"]
[Date "????.??.??"]
[Round "5.7"]
[White "Toktomushev, Teimur"]
[Black "Kurt, Sascha"]
[Result "1-0"]
[TimeControl "5min+3s"]
[WhiteElo "2401"]
[BlackElo "2303"]

1. d4 Nf6 2. c4 g6 3. Nc3 Bg7 4.
e4 d6 5.
f3 O-O 6. Be3 a6 7. Qd2 Nbd7 8. Nge2 c5 9. O-O-O b5 10. Bh6 bxc4 11. h4 cxd4 12. Nxd4 Ne5 13. h5 Nxh5 14. Bxg7 Kxg7 15.
g4 Nxg4 16. fxg4 Bxg4 17. Be2 Bxe2 18. Ndxe2 Kg8 19. Qh6 Qa5 20. Rd5 Qb6 21. Rhxh5 Qg1+ 22. Nxg1 1-0

[Event "14e Open International de Quenza"]
[Site "Quenza, France"]
[Date "????.??.??"]
[Round "5.8"]
[White "Morison, Julien"]
[Black "Skripchenko, Almira"]
[Result "0-1"]
[TimeControl "5min+3s"]
[WhiteElo "1942"]
[BlackElo "2359"]

1. e4 d5 2. exd5 Qxd5 3.
Nc3 Qd8 4. d4 Nf6 5. Bc4 g6 6. Be3 Bg7 7. Nf3 O-O 8.
O-O a6 9. Ne5 e6 10. Qf3 Nbd7 11. Rad1 Nb6 12. Bb3 Nfd5 13. Nxd5 exd5 14. Rfe1 Bf5 15. Ng4 Be4 16. Qg3 h5 17.
Ne5 a5 18. a4 h4 19. Qg4 Bf5 20. Qf3 h3 21. Qg3 hxg2 22. Bg5 f6 23. Bh4 g5 24. Qf3 fxe5 25. dxe5 gxh4 26. Rxd5 Nxd5 27. Bxd5+ Kh8 28. Qh5+ Bh7 29. Be4 Bh6 30. Qxh6 Qe7 31. Re3 Rad8 32. Bd3 c5 33.
Re4 Rd4 34. Re3 Rdf4 35. Re4 Rxe4 36. Bxe4 Qg7 37. Qxh4 Re8 38. e6 Re7 39. Bxh7 Qxh7 0-1

[Event "14e Open International de Quenza"]
[Site "Quenza, France"]
[Date "????.??.??"]
[Round "5.9"]
[White "Roubert, Emile"]
[Black "Ratier-Fontana, Matteo"]
[Result "1-0"]
[TimeControl "5min+3s"]
[WhiteElo "2055"]
[BlackElo "2275"]

1. e4 d6 2. d4 Nf6 3. Nc3 Nbd7 4. h3 e5 5. Nge2 Be7 6. g4 h6 7. Bg2 Nf8 8. Be3 Ng6 9. O-O Nh4 10. Bh1 g5 11. Ng3 Rg8 12.
Nd5 c6 13. Nxf6+ Bxf6 14. c3 Qc7 15. Nh5 Be7 16. a4 Ng6 17. Bf3 Be6 18. a5 Nf4 19. Kh2 Qc8 20. Ng3 h5 21. Nf5 Bxf5 22. exf5 hxg4 23. Bxg4 Bf6 24.
Bxf4 gxf4 25. dxe5 Bxe5 26. Qf3 Qc7 27.
Rfe1 Ke7 28. Qxf4 Kd8 29. Rxe5 dxe5 30. Rd1+ Ke7 31. f6+ Ke8 32. Re1 Kd8 33. Rxe5 Qd6 34. Re8+ Kc7 35. Re7+ 1-0

[Event "14e Open International de Quenza"]
[Site "Quenza, France"]
[Date "????.??.??"]
[Round "5.10"]
[White "Tomasi, Albert"]
[Black "Chen, Muxi"]
[Result "1-0"]
[TimeControl "5min+3s"]
[WhiteElo "2287"]
[BlackElo "2224"]

1. e4 c5 2. Nf3 Nc6 3. d4 cxd4 4. Nxd4 Nf6 5. Nc3 e5 6. Ndb5 d6 7. Bg5 a6 8. Na3 b5 9. Nd5 Be7 10.
Bxf6 Bxf6 11. c4 b4 12. Nc2 a5 13. h4 h5 14. g3 g6 15. Bg2 Bg7 16. O-O O-O 17. Qd2 Be6 18. Rfd1 Qb8 19.
b3 Qb7 20. Rab1 Bxd5 21. Qxd5 a4 22. Nxb4 Qxb4 23. Qxc6 axb3 24. axb3 Rfd8 25. Qb5 Rab8 26. Qxb4 Rxb4 27. c5 Bf8 28.
Bh3 Rxe4 29. c6 f5 30. b4 Rc4 31. Rdc1 d5 32. b5 Bc5 33. Rxc4 dxc4 34. b6 c3 35. c7 Rf8 36. b7 c2 37. Rc1 1-0

[Event "14e Open International de Quenza"]
[Site "Quenza, France"]
[Date "????.??.??"]
[Round "5.11"]
[White "Have, Didier"]
[Black "Calistri, Tristan"]
[Result "1-0"]
[TimeControl "5min+3s"]
[WhiteElo "1903"]
[BlackElo "2198"]

1. e4 c5 2. d4 cxd4 3.
c3 Nf6 4. e5 Nd5 5. Qxd4 e6 6. Nf3 Nc6 7. Qe4 f5 8. Qe2 b5 9. g3 a5 10. Bg2 Ba6 11. O-O Bc5 12. Rd1 O-O 13. Ng5 Nde7 14.
Nxe6 dxe6 15. Rxd8 Raxd8 16. Bg5 Rd7 17. Nd2 h6 18. Nb3 Bb6 19. Be3 Bxe3 20. Qxe3 Bc8 21. Nc5 Nd5 22. Qe2 Rdd8 23.
Rd1 Nce7 24. Qxb5 Nxc3 25. bxc3 Rxd1+ 26. Bf1 f4 27. Qb3 Rd5 28. Nd3 fxg3 29. hxg3 Ba6 30. c4 Rd4 31. Nf4 Rc8 32. Nxe6 Bxc4 33. Qa3 Bxe6 34. Qxe7 Bxa2 35. Kg2 Bd5+ 36. Kh3 Bc6 37. Qe6+ Bd5 38. Qe7 1-0

[Event "14e Open International de Quenza"]
[Site "Quenza, France"]
[Date "????.??.??"]
[Round "5.12"]
[White "Ternault, Mathieu"]
[Black "Cardi, Jean"]
[Result "1-0"]
[TimeControl "5min+3s"]
[WhiteElo "2276"]
[BlackElo "1976"]

1. d4 Nf6 2. Nf3 c5 3. d5 b5 4. Bg5 Qb6 5. c3 g6 6. Bxf6 Qxf6 7. Nbd2 Bg7 8. e4 Qb6 9. a4 bxa4 10.
Nc4 Qd8 11. h4 d6 12. Qxa4+ Bd7 13. Qa5 Qxa5 14. Rxa5 a6 15. e5 Bb5 16. Nxd6+ exd6 17. Bxb5+ Ke7 18. exd6+ Kxd6 19. O-O Nd7 20. Bxd7 Kxd7 21. Rxc5 Rab8 22. Ra1 Rxb2 23.
Rxa6 Rb7 24. Ng5 Bf8 25. Rcc6 Be7 26. Nxf7 Bxh4 27. Ne5+ Ke7 28. Re6+ Kd8 29. Ra8+ 1-0

[Event "14e Open International de Quenza"]
[Site "Quenza, France"]
[Date "????.??.??"]
[Round "6.1"]
[White "Fressinet, Laurent"]
[Black "Hou, Yifan"]
[Result "1/2-1/2"]
[TimeControl "5min+3s"]
[WhiteElo "2605"]
[BlackElo "2633"]

1. d4 d5 2. Nf3 Nf6 3. c4 e6 4. Nc3 a6 5. c5 b6 6.
cxb6 c5 7. Qb3 Bd7 8. Bf4 c4 9.
Qc2 Qxb6 10. e3 Nc6 11. Be2 Nh5 12. Be5 f6 13. Bg3 g6 14. O-O Nxg3 15. hxg3 Bd6 16. e4 Ne7 17. exd5 exd5 18.
Nxd5 Nxd5 19. Qe4+ Kf7 20. Bxc4 Rhe8 21. Bxd5+ Kg7 22. Qd3 Rac8 23. Rfe1 Bf5 24. Qb3 Qxb3 25. Bxb3 Bb4 26. Rxe8 Rxe8 27. a3 Bd6 28. Re1 Rb8 29. Be6 Rxb2 30. Bxf5 gxf5 31. Re6 Bxa3 32. Rxa6 Bb4 33. Nh4 Be1 34.
Nxf5+ Kg6 35. Ne7+ Kf7 36. Nd5 Bxf2+ 37. Kh2 Bxd4 38. Nf4 Be5 39. Ra7+ Kg8 40. Ra8+ Kf7 41. Ra7+ Kg8 42. Ra8+ Kf7 1/2-1/2